Map: Incorporeal LE

Players

Alex

  • Race: Protoss Protoss
  • League: Platinum
  • Spawn Location: 11:00

Skytarded - Winner!

  • Race: Protoss Protoss
  • League: Platinum
  • Spawn Location: 5:00

VOD

Have the link to the VOD?

Description

Time

  • Played on: May 22, 2025, 7:25 a.m.
  • Length: 4:55
Show
View Real Time Build Order
Export as new Build Order

Alex Protoss 

Build Orders:  

Get SALT Encoding   

  12  1:10  Pylon  
  12  1:13  Probe  
  12  1:16  Assimilator  
  13  1:21  Probe  
  14  1:30  Probe  
  14  1:32  Gateway  
  14  1:34  Gateway  
  14  1:37  Gateway  
  15  1:42  Probe  
  16  1:48  Forge  
  16  1:52  Probe  
  16  1:58  Pylon  
  16  2:00  Probe  
  17  2:01  Pylon  
  18  2:09  Probe  
  19  2:21  Probe  
  20  2:27  Photon Cannon  
  20  2:31  Photon Cannon  
  20  2:37  Photon Cannon  
  20  2:45  Assimilator  
  20  2:47  Zealot  
  20  2:49  Zealot  
  24  3:02  Cybernetics Core  
  24  3:13  Probe  
  25  3:25  Probe  
  26  3:32  Stalker  
  26  3:36  Stalker  
  26  3:37  Stalker  
  32  4:12  Robotics Facility  
Show
View Real Time Build Order
Export as new Build Order

Skytarded Protoss - Winner!

Build Orders:  

Get SALT Encoding   

  12  0:00  Probe  
  13  0:15  Pylon  
  13  0:18  Probe  
  14  0:29  Probe  
  15  0:37  Probe, Gateway  
  16  0:44  Assimilator  
  16  0:50  Probe  
  16  0:51  Assimilator  
  17  1:02  Probe  
  18  1:07  Gateway  
  18  1:14  Probe  
  19  1:26  Probe  
  19  1:30  Cybernetics Core  
  20  1:38  Probe  
  21  1:49  Pylon  
  21  1:50  Probe  
  22  1:59  Warp Gate  
  22  2:02  Probe  
  23  2:09  Pylon  
  23  2:11  Stalker x2  
  23  2:14  Probe  
  28  2:31  Gateway  
  28  2:38  Stalker  
  28  2:40  Stalker  
  32  2:59  Pylon  
  32  3:06  Stalker  
  32  3:07  Gateway  
  34  3:22  Stalker  
  34  3:25  Stalker  
  38  3:37  Pylon  
  38  3:58  Stalker  
  38  4:01  Stalker  
  38  4:02  Stalker  
  44  4:03  Stalker  
  46  4:22  Stalker  
  48  4:24  Stalker  
  48  4:27  Stalker x2  
  46  4:53  Stalker  
  46  4:54  Stalker  
Tags
 
Add a new tag
Caveats
  • Supply blocks, unpowered buildings, or Contaminate may cause inaccurate times.
  • Supply counts are checked every 10 seconds.